 Dungeon Crawl Stone Soup version 0.29.1-13-g9f3cf754e1 (webtiles) character file.

Game seed: 5347521830251508528

12707 DildoBatman the Geomancer (level 12, -12/88 (91) HPs)
             Began as a Formicid Conjurer on Jan 22, 2023.
             Was a Priest of Kikubaaqudgha.
             Mangled by a two-headed ogre
             ... wielding a +0 giant club
              (17 damage)
             ... on level 2 of the Orcish Mines.
             The game lasted 00:39:52 (10299 turns).

DildoBatman the Geomancer (Formicid Conjurer)      Turns: 10299, Time: 00:39:53

HP:   -12/88 (91)   AC: 16    Str: 13    XL:     12   Next: 23%
MP:   9/33          EV: 13    Int: 24    God:    Kikubaaqudgha [***...]
Gold: 988           SH:  6    Dex: 16    Spells: 12/28 levels left

rFire   . . .      SeeInvis +   a - +6 trident
rCold   + . .      Faith    .   J - +0 buckler
rNeg    . . .      Spirit   .   K - +0 acid dragon scales
rPois   .          Reflect  .   (helmet unavailable)
rElec   .          Harm     .   D - +0 cloak
rCorr   +          Rampage  .   j - +2 pair of gloves
Will    ++...                   (no boots)
Stlth   ++........              r - amulet of regeneration
HPRegen 1.04/turn               H - ring of magical power
MPRegen 0.23/turn               Q - ring of Biostrioc {Will+ AC+4 Int+4 Dex+4}

@: very slightly contaminated, lightly drained
A: permanent stasis, dig shafts and tunnels, antennae 3, four strong arms, cold
resistance 1, dopey 1
a: Dig, Shaft Self, Renounce Religion, Unearth Wretches


You were on level 2 of the Orcish Mines.
You worshipped Kikubaaqudgha.
Kikubaaqudgha was most pleased with you.
You visited 2 branches of the dungeon, and saw 12 of its levels.

You collected 1273 gold pieces.
You spent 285 gold pieces at shops.

Inventory:

Hand Weapons
 a - a +6 trident (weapon)
 b - a +2 sling of freezing
 c - a +1 great sword of electrocution
 d - the +4 falchion "Xece" {vorpal, rC+ Int-2 Dex+3 SInv}
   (You found it on level 9 of the Dungeon)

   It inflicts extra damage upon your enemies.
   Int:       It affects your intelligence (-2).
   Dex:       It affects your dexterity (+3).
   rC:        It protects you from cold.
   SInv:      It lets you see invisible.
 e - a +1 long sword of flaming
 G - a +3 whip
Missiles
 C - 4 poisoned darts
 O - 6 javelins
Armour
 j - a +2 pair of gloves (worn)
 t - a +1 ring mail of cold resistance
 D - a +0 cloak (worn)
 J - a +0 buckler (worn)
 K - +0 acid dragon scales (worn)
Magical Staves
 v - a staff of poison
 A - a staff of fire
Jewellery
 g - an amulet of reflection
 k - a ring of protection from fire
 r - an amulet of regeneration (around neck)
 y - a +6 ring of intelligence
 H - a ring of magical power (left hand)
 Q - the ring of Biostrioc (right hand) {Will+ AC+4 Int+4 Dex+4}
   (You found it on level 10 of the Dungeon)

   [ring of protection]

   AC:        It affects your AC (+4).
   Int:       It affects your intelligence (+4).
   Dex:       It affects your dexterity (+4).
   Will:      It increases your willpower.
Wands
 B - a wand of acid (10)
 M - a wand of charming (6)
Scrolls
 h - 5 scrolls of enchant weapon
 l - 7 scrolls of fear
 m - a scroll of immolation {unknown}
 o - 6 scrolls of noise {unknown}
 q - 3 scrolls of poison
 u - 2 scrolls of enchant armour {unknown}
 z - a scroll of identify
 F - 2 scrolls of amnesia
 I - a scroll of summoning {unknown}
Potions
 f - 2 potions of might {unknown}
 i - 2 potions of brilliance {unknown}
 n - 2 potions of resistance {unknown}
 p - 7 potions of curing
 s - 5 potions of magic
 w - a potion of heal wounds {unknown}
 x - a potion of degeneration {unknown}
 E - a potion of mutation
 L - 2 potions of attraction {unknown}
 N - 2 potions of ambrosia {unknown}
 P - a potion of invisibility {unknown}


   Skills:
 - Level 7.5 Fighting
 - Level 2.0 Polearms
 - Level 7.6 Armour
 - Level 5.5 Dodging
 - Level 2.4 Stealth
 - Level 7.6 Shields
 - Level 8.8 Spellcasting
 - Level 6.0 Conjurations
 * Level 5.2 Necromancy
 - Level 0.9 Transmutations
 * Level 8.9 Earth Magic


You had 12 spell levels left.
You knew the following spells:

 Your Spells              Type           Power      Damage    Failure   Level
a - Borgnjor's Vile Clut  Necr/Erth      22%        N/A       14%         5
b - Stone Arrow           Conj/Erth      92%        3d12      1%          3
c - Searing Ray           Conj           78%        2d7       1%          2
d - Vampiric Draining     Necr           35%        2d8       3%          3
e - Passwall              Tmut/Erth      28%        N/A       1%          2
f - Magic Dart            Conj           100%       1d8       1%          1

Your spell library contained the following spells:

 Spells                   Type           Power      Damage    Failure   Level
 Necrotise                Necr           100%       1d9       1%          1
 Sandblast                Erth           100%       2d20      1%          1
 Dazzling Flash           Conj/Hex       48%        N/A       9%          3
 Summon Small Mammal      Summ           40%        N/A       10%         1
 Animate Dead             Necr           35%        N/A       11%         4
 Dispel Undead            Necr           35%        3d15      11%         4
 Call Canine Familiar     Summ           10%        N/A       28%         3
 Summon Guardian Golem    Hex/Summ       10%        N/A       28%         3
 Fulminant Prism          Conj/Hex       12%        3d9       28%         4
 Iskenderun's Mystic Bla  Conj/Tloc      24%        2d7       28%         4
 Agony                    Necr           35%        N/A       30%         5
 Anguish                  Hex/Necr       11%        N/A       32%         4
 Corpse Rot               Necr/Pois/Air  18%        N/A       43%         4
 Silence                  Hex/Air        5%         N/A       95%         5
 Simulacrum               Ice/Necr       11%        N/A       99%         6


Dungeon Overview and Level Annotations

Branches:
Dungeon (10/15)            Temple (0/1) D:7            Lair (0/5) D:10
    Orc (2/2) D:9             Elf (0/3) Orc:2

Altars:
Ashenzari
Cheibriados
Gozag
Kikubaaqudgha
Makhleb
Nemelex Xobeh
Sif Muna
Uskayaw
Wu Jian
The Shining One

Shops:
D:8 (   D:9 !(   D:10 ?

Annotations:
D:7 exclusion: dancing weapon
D:8 exclusion: orc warlord


Innate Abilities, Weirdness & Mutations

You cannot be hasted, slowed, berserked, paralysed or teleported.
You can dig through walls and to a lower floor.
You have a pair of large antennae on your head. (SInv)
Your four strong arms can wield two-handed weapons with a shield.
Your flesh is cold resistant. (rC+)
You are dopey. (Int -2)


Message History

The two-headed ogre hits you with a +0 giant club!
The two-headed ogre closely misses you.
Casting: Borgnjor's Vile Clutch (dangerous; 14% risk of failure)
Confirm with . or Enter, or press ? or * to list all spells.
Aiming: Borgnjor's Vile Clutch (dangerous; 14% risk of failure)
Press: ? - help, Shift-Dir - straight line, f/p - two-headed ogre
Aim: a two-headed ogre, wielding two +0 giant clubs (lightly wounded, 100% to hit)
You miscast Borgnjor's Vile Clutch.
Kikubaaqudgha protects you from your miscast necromantic spell!
The two-headed ogre hits you with a +0 giant club!!
The two-headed ogre hits you with a +0 giant club.
Casting: Borgnjor's Vile Clutch (dangerous; 14% risk of failure)
Confirm with . or Enter, or press ? or * to list all spells.
Aiming: Borgnjor's Vile Clutch (dangerous; 14% risk of failure)
Press: ? - help, Shift-Dir - straight line, f/p - two-headed ogre
Aim: a two-headed ogre, wielding two +0 giant clubs (lightly wounded, 100% to hit)
Zombie hands grab the two-headed ogre.
Zombie hands grab the ogre.
The zombie hands constrict the two-headed ogre!
The zombie hands constrict the ogre.
You retract your mandibles.
You puncture the two-headed ogre!
The two-headed ogre is moderately wounded.
The zombie hands constrict the two-headed ogre.
The zombie hands constrict the ogre!
The two-headed ogre hits you with a +0 giant club! x2
You puncture the two-headed ogre!
The two-headed ogre is severely wounded.
The zombie hands constrict the two-headed ogre.
The zombie hands constrict the ogre!
The two-headed ogre hits you with a +0 giant club! x2
You completely miss the two-headed ogre.
The two-headed ogre is severely wounded.
The zombie hands constrict the two-headed ogre.
The zombie hands constrict the ogre!
You kill the ogre!
Kikubaaqudgha accepts your kill.
The two-headed ogre hits you with a +0 giant club!
You die...
Kikubaaqudgha rasps: "You have failed me!
Welcome... death!"

..#.#.......#.#{..............#
..##...........#..##..........#
...#...##.#........##.....#...#
..##..######.#......##.#......#
.>#...# ####.#..######.##.##
..##.## #..)### ###### .. ###
##.).# ##O## #@# ###


You could see a two-headed ogre (clutched).

Vanquished Creatures
  3 two-headed ogres
  An orc high priest (Orc:1)
  An ugly thing (D:10)
  2 orc sorcerers
  A cyclops (Orc:1)
  3 kobold demonologists (D:10)
  3 komodo dragons (D:10)
  4 trolls (Orc:1)
  A hornet (D:9)
  A shadow (D:9)
  3 wyverns
  A basilisk (D:10)
  3 steam dragons
  A warg (Orc:1)
  2 acid dragons
  A water moccasin (D:7)
  10 orc warriors
  3 ice beasts
  A black bear (D:8)
  2 sky beasts
  10 ogres
  2 phantoms
  3 necrophages
  2 bullfrogs (D:7)
  3 scorpions (D:5)
  2 gnoll sergeants
  6 wights (D:8)
  4 hounds
  2 jellies (D:5)
  A gnoll bouda (D:10)
  12 orc priests
  11 orc wizards
  5 iguanas
  14 gnolls
  5 adders
  A shadow imp (D:8)
  2 ufetubi
  3 worms (D:2)
  3 dart slugs
  59 orcs
  6 ball pythons
  9 endoplasms
  3 giant cockroaches
  4 goblins
  5 hobgoblins
  10 kobolds
  6 quokkas
  A bat (D:2)
  6 frilled lizards
  4 rats
251 creatures vanquished.

Vanquished Creatures (others)
  6 plants
6 creatures vanquished.

Grand Total: 257 creatures vanquished

Notes
Turn   | Place    | Note
-------+----------+-------------------------------------------
     0 | D:1      | DildoBatman the Formicid Conjurer began the quest for the
                  | Orb.
     0 | D:1      | Reached XP level 1. HP: 13/13 MP: 3/3
   185 | D:1      | Reached XP level 2. HP: 20/20 MP: 0/5
   188 | D:1      | Learned a level 2 spell: Searing Ray
   525 | D:1      | Reached skill level 1 in Armour
   594 | D:1      | Reached skill level 1 in Fighting
   594 | D:1      | Reached XP level 3. HP: 26/26 MP: 3/6
   598 | D:1      | Found a faded altar of an unknown god.
  1136 | D:2      | Reached XP level 4. HP: 15/32 MP: 1/8
  1433 | D:2      | You fall into a shaft and drop 1 floor!
  1708 | D:2      | Reached XP level 5. HP: 38/38 MP: 4/9
  1731 | D:2      | Learned a level 3 spell: Stone Arrow
  1897 | D:2      | Found a snail-covered altar of Cheibriados.
  2269 | D:3      | Reached XP level 6. HP: 28/46 MP: 0/11
  2381 | D:3      | Found a burning altar of Makhleb.
  3435 | D:4      | Reached XP level 7. HP: 37/52 MP: 9/13
  3469 | D:4      | Reached skill level 5 in Conjurations
  3637 | D:4      | Found a glowing golden altar of the Shining One.
  3919 | D:5      | Entered Level 5 of the Dungeon
  3945 | D:5      | Reached skill level 1 in Earth Magic
  4290 | D:5      | Reached skill level 5 in Spellcasting
  4290 | D:5      | Reached XP level 8. HP: 58/58 MP: 6/15
  5076 | D:6      | Reached skill level 5 in Earth Magic
  5087 | D:6      | Found a shimmering blue altar of Sif Muna.
  5090 | D:6      | Found a broken altar of Ashenzari.
  5093 | D:6      | Found an ornate altar of the Wu Jian Council.
  5096 | D:6      | Found an ancient bone altar of Kikubaaqudgha.
  5100 | D:6      | Became a worshipper of Kikubaaqudgha
  5391 | D:6      | Reached XP level 9. HP: 46/63 MP: 9/18
  5947 | D:7      | Found a hide-covered altar of Uskayaw.
  5948 | D:7      | Noticed a +0 hand axe
  5949 | D:7      | Noticed a +0 hand axe
  5967 | D:7      | Reached skill level 1 in Shields
  6055 | D:7      | Reached * piety under Kikubaaqudgha
  6055 | D:7      | Received a gift from Kikubaaqudgha
  6071 | D:7      | Reached skill level 5 in Fighting
  6071 | D:7      | Reached skill level 5 in Armour
  6374 | D:7      | Found a staircase to the Ecumenical Temple.
  6521 | D:8      | Reached XP level 10. HP: 74/74 MP: 10/20
  6526 | D:8      | Learned a level 3 spell: Vampiric Draining
  6907 | D:8      | Reached skill level 1 in Polearms
  6949 | D:8      | Found Ziduzale's Weapon Shoppe.
  7145 | D:9      | Found a staircase to the Orcish Mines.
  7153 | D:9      | Found Givibe's Weapon Shoppe.
  7239 | D:9      | Reached ** piety under Kikubaaqudgha
  7326 | D:9      | Identified the +4 falchion "Xece" {vorpal, rC+ Int-2 Dex+3
                  | SInv}
  7360 | D:9      | Reached skill level 5 in Shields
  7411 | D:9      | Noticed a two-headed ogre
  7418 | D:9      | Killed a two-headed ogre
  7588 | D:9      | Found an opulent altar of Gozag.
  7649 | D:9      | Found Zeoqaefu's Distillery.
  7658 | D:9      | Bought a potion of curing for 45 gold pieces
  7658 | D:9      | Bought 2 potions of mutation for 240 gold pieces
  7658 | D:9      | Gained mutation: You occasionally shout uncontrollably at
                  | your foes. [potion of mutation]
  7658 | D:9      | Gained mutation: You are frail. (-10% HP) [potion of
                  | mutation]
  7658 | D:9      | Gained mutation: You frequently scream uncontrollably at
                  | your foes. [potion of mutation]
  7659 | D:9      | Lost mutation: You frequently scream uncontrollably at your
                  | foes. [potion of mutation]
  7659 | D:9      | Lost mutation: You are frail. (-10% HP) [potion of
                  | mutation]
  7659 | D:9      | Lost mutation: You occasionally shout uncontrollably at
                  | your foes. [potion of mutation]
  7659 | D:9      | Gained mutation: You are partially covered in iridescent
                  | scales. (AC +2) [potion of mutation]
  7762 | D:10     | Entered Level 10 of the Dungeon
  7827 | D:10     | Noticed a komodo dragon
  7836 | D:10     | Killed a komodo dragon
  7850 | D:10     | Noticed a komodo dragon
  7878 | D:10     | Killed a komodo dragon
  7907 | D:10     | Found a staircase to the Lair.
  7907 | D:10     | Noticed a komodo dragon
  7960 | D:10     | Killed a komodo dragon
  7961 | D:10     | Reached XP level 11. HP: 13/83 MP: 2/23
  8226 | D:10     | Noticed a green ugly thing
  8231 | D:10     | Killed a green ugly thing
  8232 | D:10     | Reached skill level 5 in Dodging
  8363 | D:10     | Noticed a two-headed ogre
  8369 | D:10     | Killed a two-headed ogre
  8409 | D:10     | Found Ychuka's Magic Scroll Shop.
  8551 | D:10     | Identified the ring of Biostrioc {Will+ AC+4 Int+4 Dex+4}
  8555 | D:10     | Lost mutation: You are partially covered in iridescent
                  | scales. (AC +2) [potion of mutation]
  8555 | D:10     | Gained mutation: You are covered in fur. (AC +1) [potion of
                  | mutation]
  8556 | D:10     | Lost mutation: You are covered in fur. (AC +1) [potion of
                  | mutation]
  8556 | D:10     | Gained mutation: You are dopey. (Int -2) [potion of
                  | mutation]
  8556 | D:10     | Gained mutation: Your flesh is cold resistant. (rC+)
                  | [potion of mutation]
  8595 | D:10     | Found a sparkling altar of Nemelex Xobeh.
  8848 | D:9      | Learned a level 2 spell: Passwall
  8849 | Orc:1    | Entered Level 1 of the Orcish Mines
  8952 | Orc:2    | Entered Level 2 of the Orcish Mines
  9019 | Orc:2    | Noticed a cyclops
  9133 | Orc:1    | Reached *** piety under Kikubaaqudgha
  9133 | Orc:1    | Received a gift from Kikubaaqudgha
  9140 | Orc:1    | Learned a level 5 spell: Borgnjor's Vile Clutch
  9158 | Orc:1    | Killed a cyclops
  9159 | Orc:1    | Reached skill level 1 in Necromancy
  9176 | Orc:2    | Noticed an orc sorcerer
  9237 | Orc:2    | Noticed an orc warlord
  9245 | Orc:2    | Noticed a sixfirhy
  9570 | Orc:1    | Noticed a sixfirhy
  9573 | Orc:1    | Killed an orc sorcerer
  9673 | Orc:1    | Noticed an orc high priest
  9673 | Orc:1    | Noticed an orc sorcerer
  9679 | Orc:2    | Killed an orc sorcerer
  9787 | Orc:2    | Found a staircase to the Elven Halls.
  9824 | Orc:1    | Reached XP level 12. HP: 91/91 MP: 24/24
  9870 | Orc:1    | Killed an orc high priest
 10168 | Orc:2    | Noticed an ogre mage
 10169 | Orc:2    | Noticed a two-headed ogre
 10173 | Orc:2    | Noticed a two-headed ogre
 10269 | Orc:2    | Killed a two-headed ogre
 10270 | Orc:2    | Reached skill level 5 in Necromancy
 10270 | Orc:2    | Noticed a two-headed ogre
 10298 | Orc:2    | HP: 3/88 [two-headed ogre/+0 giant club (11)]
 10299 | Orc:2    | Mangled by a two-headed ogre

Illustrated notes

Levels and vault maps discovered:
D:1:      mrwooster_arrival_statue_3, layout_rooms, serial_curves,
          eino_curves_01, eino_curves_01, eino_curves_02,
          hellmonk_ecumenical_altar_prayer_group, serial_bayou_lagoon_b
D:2:      layout_basic, basic_altar, minivault_23
D:3:      layout_basic, lemuel_crystal_altar, kennysheep_generic_room_13
D:4:      layout_cave_pools, tso_oasis_becter
D:5:      layout_cave_pools
D:6:      layout_rooms, grunt_temple_overflow_cloverleaf, nicolae_benzene_ring,
          chequers_avenue
D:7:      layout_rooms, dancing_weapons_uskayaw, minmay_temple_entry_nine_rooms
D:8:      layout_gridville, serial_shops, shop_statue
D:9:      layout_irregular_city, mainiacjoe_overflow_boulevard, orc_david_3,
          serial_column_ruins, column_ruins_hut, column_ruins_grid_1,
          column_ruins_columns_corner, column_ruins_open_large,
          column_ruins_open_large, serial_shops, shop, chequers_arboretum
D:10:     nicolae_cairo_tiling, layout_irregular_city, nemelex_altar_shiori,
          erik_lair_dragon, serial_shops, kennysheep_little_box
Orc:1:    layout_caves
Orc:2:    st_orc_open, layout_caves, special_room

Skill      XL: |  1  2  3  4  5  6  7  8  9 10 11 12 |
---------------+-------------------------------------+-----
Dodging        | 2 3 4 5 |  5.5
Armour         | 1 2 3 5 6 7 |  7.6
Fighting       | 1 2 3 5 6 7 |  7.5
Conjurations   | 4 5 6 |  6.0
Spellcasting   | 3 4 5 6 7 8 |  8.8
Earth Magic    | 2 5 6 7 8 |  8.9
Shields        | 3 6 7 |  7.6
Polearms       | 2 |  2.0
Necromancy     | 3 5 |  5.2
Stealth        | |  2.4
Transmutations | |  0.9

Action                   |  1- 3 |  4- 6 |  7- 9 | 10-12 || total
-------------------------+-------+-------+-------+-------++-------
Melee: Dagger            |     5 |       |       |       ||     5
       Whip              |    23 |    30 |    62 |       ||   115
       Punch             |     1 |       |       |       ||     1
       Great sword       |       |       |    24 |     3 ||    27
       Trident           |       |       |       |   205 ||   205
       Long sword        |       |       |       |     3 ||     3
       Falchion          |       |       |       |     3 ||     3
 Fire: Sling             |       |    23 |     9 |     7 ||    39
       Shortbow          |       |     8 |    60 |       ||    68
 Cast: Magic Dart        |    55 |    28 |     8 |     5 ||    96
       Searing Ray       |     4 |    14 |    35 |    15 ||    68
       Stone Arrow       |       |       |    21 |    87 ||   108
       Borgnjor's Vile C |       |       |       |     1 ||     1
 Abil: Dig               |       |       |     2 |     7 ||     9
  Use: Scroll            |       |       |     8 |       ||     8
       Potion            |       |       |       |     4 ||     4
 Stab: Sleeping          |       |     1 |       |       ||     1
Armor: Robe              |     6 |    16 |    27 |       ||    49
       Ring mail         |       |       |    15 |    25 ||    40
       Acid dragon scale |       |       |       |   105 ||   105
Dodge: Dodged            |    15 |    32 |    89 |   214 ||   350
Block: Other             |       |       |    11 |       ||    11
       Buckler           |       |       |     9 |   113 ||   122
